Workbook

Sheet PP
B2: Nombre | C2: Estado | D2: Número predios originales | E2: Área Bruta | G2: Área Util | H2: Número unidades de gestión | I2: Usos propuestos | J2: I.C | K2: I.O | L2: Altura máxima
E3: m2 | F3: ha. | G3: m2
B4: Centenario​ | C4: Formulación | D4: 4 | E4: 32394.03 | F4: 3.24 | G4: 21552.86 | H4: 3 | I4: Vivienda multifamiliar y Comercio vecinal | J4: 4.13 | K4: 0.7 | L4: 20
B5: Ferrocarril Calle 13 ​ | C5: Adoptado | D5: 1 | E5: 22767.55 | F5: 2.28 | G5: 17798.36 | H5: 1 | I5: Vivienda multifamiliar y Comercio vecinal | J5: 3.1 | K5: Resultante | L5: 20
B6: Los Ejidos​​ | C6: Formulación | D6: 2 | E6: 4914.73 | F6: 0.49 | G6: 3196.56 | H6: 1 | I6: Vivienda multifamiliar y Comercio zonal | J6: 8.13 | K6: 0.71 | L6: 25
B7: Dispapeles | C7: Adoptado | D7: 1 | E7: 5796.65 | F7: 0.58 | G7: 4637.32 | H7: 1 | I7: Vivienda multifamiliar y Comercio zonal | J7: 8.34 | K7: Resultante | L7: 25
B8: Bancafé | C8: Formulación | D8: 22 | E8: 7689.89 | F8: 0.77 | G8: 6151.91 | H8: 4 | I8: Vivienda multifamiliar | J8: 9 | K8: Resultante | L8: 30
B9: M30 | C9: Formulación | D9: 4 | E9: 7083.05 | F9: 0.71 | G9: 5640.96 | H9: 4 | I9: Vivienda multifamiliar | J9: 7.3 | K9: 0.57 | L9: 20
B10: Av. Colon​ | C10: Formulación | D10: 1 | E10: 6546.43 | F10: 0.65 | G10: 5237.15 | H10: 1 | I10: Vivienda multifamiliar y Comercio | J10: 7.28 | K10: 0.55 | L10: 24
O11: Tipo de vivienda​ | P11: # de viviendas​ | Q11: # personas por viviendas​ | R11: Índice de espacio público efectivo por habitante ​
O12: Vivienda estudiantil ​ | P12: 120 ​ | Q12: 1​ | R12: 6,15 m2 x habitante ​
O13: Vivienda interés social ​ | P13: 443​ | Q13: 3​
O14: Vivienda de ingresos medios​ | P14: 530​ | Q14: 3​
O15: Total ​ | P15: 1.093 viviendas​ | Q15: 3.040 personas ​
O17: Metros cuadrados de espacio público ofrecidos en el plan parcial ​ | P17: 18.712,92 m2 ​

Sheet Usos
A1: M I T I G A C I Ó N DE I M P A C T O S | B1: Uso | C1: Tipo | D1: Código/Descripón
B2: Vivienda | C2: Urbanísticas (artículo 248) | D2: MU2 - Andenes: adecuación, rehabilitación o construcción de andenes sobre el frente del predio completo que contenga los accesos.
D3: MU3 - Operación completa al interior: destinación de áreas operativas y funcionales para cargue y descargue, acumulación de vehículos, parqueo temporal y maniobrabilidad vehicular.
C4: Ambientales (artículo 245) | D4: MA1 - Control de ruido: Espacos deberán cumplir con estándares de ruido máximo permitido.
D5: MA8 - Áreasde amortiguamiento: usos que colinden con EP deberán localizar prioritariamentecesiones públicas y espacio privado afecto al uso público y desarrollar estrategas paisajísticas.
B6: Servicios logísticos - Tipo 1: menor a 500 m2 | C6: Urbanísticas (artículo 248) | D6: No indica
C7: Ambientales (artículo 245) | D7: MA1 - Control de ruido: Espacos deberán cumplir con estándares de ruido máximo permitido.
D8: MA8 - Áreasde amortiguamiento: usos que colinden con EP deberán localizar prioritariamentecesiones públicas y espacio privado afecto al uso público y desarrollar estrategas paisajísticas.
B9: Servicios logísticos - Tipo 2: entre 500 m2 y 4000 m2 | C9: Urbanísticas (artículo 248) | D9: MU3 - Operación completa al interior: destinación de áreas operativas y funcionales para cargue y descargue, acumulación de vehículos, parqueo temporal y maniobrabilidad vehicular.
C10: Ambientales (artículo 245) | D10: MA1 - Control de ruido: Espacos deberán cumplir con estándares de ruido máximo permitido.
D11: MA8 - Áreasde amortiguamiento: usos que colinden con EP deberán localizar prioritariamentecesiones públicas y espacio privado afecto al uso público y desarrollar estrategas paisajísticas.
B12: Servicios logísticos - Tipo 3: mayor a 4000 m2 | C12: Urbanísticas (artículo 248) | D12: MU2 - Andenes: adecuación, rehabilitación o construcción de andenes sobre el frente del predio completo que contenga los accesos.
D13: MU3 - Operación completa al interior: destinación de áreas operativas y funcionales para cargue y descargue, acumulación de vehículos, parqueo temporal y maniobrabilidad vehicular.
C14: Ambientales (artículo 245) | D14: MA1 - Control de ruido: Espacos deberán cumplir con estándares de ruido máximo permitido.
D15: MA8 - Áreasde amortiguamiento: usos que colinden con EP deberán localizar prioritariamentecesiones públicas y espacio privado afecto al uso público y desarrollar estrategas paisajísticas.
B16: Comercio - Tipo 1: menor a 500 m2 | C16: Urbanísticas (artículo 248) | D16: No indica
C17: Ambientales (artículo 245) | D17: MA1 - Control de ruido: Espacos deberán cumplir con estándares de ruido máximo permitido.
D18: MA8 - Áreasde amortiguamiento: usos que colinden con EP deberán localizar prioritariamentecesiones públicas y espacio privado afecto al uso público y desarrollar estrategas paisajísticas.
B19: Comercio - Tipo 2: entre 500 m2 y 4000 m2 | C19: Urbanísticas (artículo 248) | D19: MU1 - Zonas de transición: construccion de áreas de transición funcional entre el espacio público y el privado destinado al tránsito y permanencia de peatones.
D20: MU3 - Operación completa al interior: destinación de áreas operativas y funcionales para cargue y descargue, acumulación de vehículos, parqueo temporal y maniobrabilidad vehicular.
C21: Ambientales (artículo 245) | D21: MA1 - Control de ruido: Espacos deberán cumplir con estándares de ruido máximo permitido.
D22: MA8 - Áreasde amortiguamiento: usos que colinden con EP deberán localizar prioritariamentecesiones públicas y espacio privado afecto al uso público y desarrollar estrategas paisajísticas.
B23: Comercio - Tipo 3: mayor a 4000 m2 | C23: Urbanísticas (artículo 248) | D23: MU1 - Zonas de transición: construccion de áreas de transición funcional entre el espacio público y el privado destinado al tránsito y permanencia de peatones.
D24: MU2 - Andenes: adecuación, rehabilitación o construcción de andenes sobre el frente del predio completo que contenga los accesos.
D25: MU3 - Operación completa al interior: destinación de áreas operativas y funcionales para cargue y descargue, acumulación de vehículos, parqueo temporal y maniobrabilidad vehicular.
C26: Ambientales (artículo 245) | D26: MA1 - Control de ruido: Espacos deberán cumplir con estándares de ruido máximo permitido.
D27: MA8 - Áreasde amortiguamiento: usos que colinden con EP deberán localizar prioritariamentecesiones públicas y espacio privado afecto al uso público y desarrollar estrategas paisajísticas.
B28: Oficinas - Tipo 1: menos de 500 m2 | C28: Urbanísticas (artículo 248) | D28: No indica
C29: Ambientales (artículo 245) | D29: MA1 - Control de ruido: Espacos deberán cumplir con estándares de ruido máximo permitido.
D30: MA8 - Áreasde amortiguamiento: usos que colinden con EP deberán localizar prioritariamentecesiones públicas y espacio privado afecto al uso público y desarrollar estrategas paisajísticas.
B31: Oficinas - Tipo 2: entre 500 m2 y 4000 m2 | C31: Urbanísticas (artículo 248) | D31: MU3 - Operación completa al interior: destinación de áreas operativas y funcionales para cargue y descargue, acumulación de vehículos, parqueo temporal y maniobrabilidad vehicular.
C32: Ambientales (artículo 245) | D32: MA1 - Control de ruido: Espacos deberán cumplir con estándares de ruido máximo permitido.
D33: MA8 - Áreasde amortiguamiento: usos que colinden con EP deberán localizar prioritariamentecesiones públicas y espacio privado afecto al uso público y desarrollar estrategas paisajísticas.
B34: Oficinas - Tipo 3: mayor a 4000 m2 | C34: Urbanísticas (artículo 248) | D34: MU2 - Andenes: adecuación, rehabilitación o construcción de andenes sobre el frente del predio completo que contenga los accesos.
D35: MU3 - Operación completa al interior: destinación de áreas operativas y funcionales para cargue y descargue, acumulación de vehículos, parqueo temporal y maniobrabilidad vehicular.
C36: Ambientales (artículo 245) | D36: MA1 - Control de ruido: Espacos deberán cumplir con estándares de ruido máximo permitido.
D37: MA8 - Áreasde amortiguamiento: usos que colinden con EP deberán localizar prioritariamentecesiones públicas y espacio privado afecto al uso público y desarrollar estrategas paisajísticas.
B38: Servicios del cuidado Dotacionales - Tipo 1 (área menor o igual a 4000 m2) | C38: Urbanísticas (artículo 248) | D38: No indica
C39: Ambientales (artículo 245) | D39: MA1 - Control de ruido: Espacos deberán cumplir con estándares de ruido máximo permitido.
D40: MA8 - Áreasde amortiguamiento: usos que colinden con EP deberán localizar prioritariamentecesiones públicas y espacio privado afecto al uso público y desarrollar estrategas paisajísticas.
B41: Servicios del cuidado Dotacionales - Tipo 2 (área entre 4000 m2 y 15000 m2) | C41: Urbanísticas (artículo 248) | D41: MU1 - Zonas de transición: construccion de áreas de transición funcional entre el espacio público y el privado destinado al tránsito y permanencia de peatones.
D42: MU3 - Operación completa al interior: destinación de áreas operativas y funcionales para cargue y descargue, acumulación de vehículos, parqueo temporal y maniobrabilidad vehicular.
C43: Ambientales (artículo 245) | D43: MA1 - Control de ruido: Espacos deberán cumplir con estándares de ruido máximo permitido.
D44: MA8 - Áreasde amortiguamiento: usos que colinden con EP deberán localizar prioritariamentecesiones públicas y espacio privado afecto al uso público y desarrollar estrategas paisajísticas.
B45: Servicios del cuidado Dotacionales - Tipo 1 (área menor o igual a 4000 m2) | C45: Urbanísticas (artículo 248) | D45: MU1 - Zonas de transición: construccion de áreas de transición funcional entre el espacio público y el privado destinado al tránsito y permanencia de peatones.
D46: MU2 - Andenes: adecuación, rehabilitación o construcción de andenes sobre el frente del predio completo que contenga los accesos.
D47: MU3 - Operación completa al interior: destinación de áreas operativas y funcionales para cargue y descargue, acumulación de vehículos, parqueo temporal y maniobrabilidad vehicular.
C48: Ambientales (artículo 245) | D48: MA1 - Control de ruido: Espacos deberán cumplir con estándares de ruido máximo permitido.
D49: MA8 - Áreasde amortiguamiento: usos que colinden con EP deberán localizar prioritariamentecesiones públicas y espacio privado afecto al uso público y desarrollar estrategas paisajísticas.

Sheet Pasivos Ambientales
B2: Predios con usos industriales activos | H2: Tipo de Carga | I2: Area m² | J2: Costo total
B3: Manzana | C3: No. | D3: Dirección | E3: Propietario | F3: Area m² | H3: Pasivos Ambientales – control ambiental | I3: ='Pasivos Ambientales'!F7 -> 6077.012 | J3: =I3*17000 -> 103309204
B4: ='Configuración predial actual'!B6 -> Manzana 1 | C4: ='Configuración predial actual'!C9 -> 4 | D4: ='Situación jurídica predios'!E7 -> AAA0073RYMR | E4: ='Situación jurídica predios'!G7 -> Codensa S.A. | F4: ='Configuración predial actual'!F9 -> 38.4849 | H4: Estudios de impactos ambientales | I4: ='Configuración predial actual'!F29 -> 23633.237 | J4: 20000000
B5: ='Configuración predial actual'!B18 -> Manzana 2 | C5: ='Configuración predial actual'!C20 -> 3 | D5: ='Situación jurídica predios'!E17 -> AAA0073RWOM | E5: ='Situación jurídica predios'!G17 -> Excedentes Industriales LTDA | F5: ='Configuración predial actual'!F20 -> 408.163
C6: ='Configuración predial actual'!C22 -> 5 | D6: ='Situación jurídica predios'!E19 -> AAA0073RWLF | E6: ='Situación jurídica predios'!G19 -> Harinera del Valle S.A. | F6: ='Configuración predial actual'!F22 -> 5630.3641
B7: TOTAL m² | F7: =SUM(F4:F6) -> 6077.012

Sheet Politica Moradores
B2: Manzana | C2: No. | D2: Dirección | E2: CHIP | F2: Propietario | G2: Arrendatario | H2: Uso
B3: Manzana 1 | C3: 1 | D3: AC 13 35 90 | E3: AAA0073RYJZ | F3: Adolfo Patiño Osorio | G3: No | H3: Comercio
C4: 2 | D4: AK 36 13 38 | E4: AAA0073RYKC | F4: Fiduciaria Davivienda S.A. como vocera y administradora del patrimonio autónomo Fideicomiso AGP Colombia | G4: Si | H4: Comercio
C5: 3 | D5: AK 36 13 92 | E5: AAA0073RYLF | F5: Fiduciaria Davivienda S.A. como vocera y administradora del patrimonio autónomo Fideicomiso AGP Colombia | G5: Si | H5: Comercio
C6: 4 | D6: CL 15 35 79 | E6: AAA0073RYMR | F6: Codensa S.A. | G6: No | H6: Industrial
C7: 5 | D7: CL 15 35 59 | E7: AAA0073RYNX | F7: Fiduciaria Davivienda S.A. como vocera y administradora del patrimonio autónomo Fideicomiso AGP Colombia | G7: No | H7: Industrial
C8: 6 | D8: CL 15 35 41 | E8: AAA0073RYOM | F8: Fiduciaria Davivienda S.A. como vocera y administradora del patrimonio autónomo Fideicomiso AGP Colombia | G8: Si | H8: Comercio
C9: 7 | D9: KR 35 13 77 | E9: AAA0073RYPA | F9: BBVA Colombia | G9: No | H9: Industrial
C10: 8 | D10: AC 13 35 38 | E10: AAA0073RYEP | F10: SOCIEDAD DE FABRICACION DE AUTOMOTORES S.A SOFASA | G10: No | H10: Comercio
C11: 9 | D11: KR 35 13 13 | E11: AAA0073RYDE | F11: IMPORTADORA SANCHEZ Y CIA | G11: No | H11: Comercio
C12: 10 | D12: AC 13 35 52 | E12: AAA0073RYFZ | F12: TECNOLOGIA INMIBILIARIA S.A | G12: No | H12: Comercio
C13: 11 | D13: AC 13 35 60 | E13: AAA0073RYHK | F13: TECNOLOGIA INMIBILIARIA S.A. | G13: No | H13: Comercio
B14: Manzana 2 | C14: 1 | D14: KR 35 13 20 | E14: AAA0073RWMR | F14: Inversiones JP Constructora S.A.S. | G14: No | H14: Comercio
C15: 2 | D15: KR 35 13 62 | E15: AAA0160AORJ | F15: SDC Inversiones S.A. | G15: No | H15: Industrial
C16: 3 | D16: KR 35 13 84 | E16: AAA0073RWOM | F16: Excedentes Industriales LTDA | G16: No | H16: Industrial
C17: 4 | D17: CL 15 34 73 | E17: AAA0160AOSY | F17: SDC Inversiones S.A. | G17: No | H17: Industrial
C18: 5 | D18: CL 15 34 35 | E18: AAA0073RWLF | F18: Harinera del Valle S.A. | G18: No | H18: Industrial
C19: 6 | D19: KR 34 13 97 | E19: AAA0073RWPA | F19: Harinera del Valle S.A. | G19: No | H19: Comercio
C20: 7 | D20: KR 34 13 61 | E20: AAA0073RWRJ | F20: Ana Isabel De Botton Child | G20: No | H20: Industrial
C21: 8 | D21: KR 34 13 35 | E21: AAA0073RWTD | F21: Harinera del Valle S.A. | G21: No | H21: Comercio
C22: 9 | D22: AC 13 34 10 | E22: AAA0073RWSY | F22: Harinera del Valle S.A. | G22: No | H22: Comercio
C23: 10 | D23: AC 13 34 54 | E23: AAA0073RWKC | F23: Inmobiliaria Santa Teresita LTDA | G23: Si | H23: Comercio
B26: Manzana | C26: No. | D26: Dirección | E26: CHIP | F26: Propietario | G26: Estado | H26: Uso
B27: Manzana 1 | C27: 4 | D27: CL 15 35 79 | E27: AAA0073RYMR | F27: Codensa S.A. | G27: Activo | H27: Industrial
C28: 5 | D28: CL 15 35 59 | E28: AAA0073RYNX | F28: Fiduciaria Davivienda S.A. como vocera y administradora del patrimonio autónomo Fideicomiso AGP Colombia | G28: Inactivo | H28: Industrial
C29: 7 | D29: KR 35 13 77 | E29: AAA0073RYPA | F29: BBVA Colombia | G29: Inactivo | H29: Industrial
B30: Manzana 2 | C30: 2 | D30: KR 35 13 62 | E30: AAA0160AORJ | F30: SDC Inversiones S.A. | G30: Inactivo | H30: Industrial
C31: 3 | D31: KR 35 13 84 | E31: AAA0073RWOM | F31: Excedentes Industriales LTDA | G31: Activo | H31: Industrial
C32: 4 | D32: CL 15 34 73 | E32: AAA0160AOSY | F32: SDC Inversiones S.A. | G32: Inactivo | H32: Industrial
C33: 5 | D33: CL 15 34 35 | E33: AAA0073RWLF | F33: Harinera del Valle S.A. | G33: Activo | H33: Industrial
C34: 7 | D34: KR 34 13 61 | E34: AAA0073RWRJ | F34: Ana Isabel De Botton Child | G34: Inactivo | H34: Industrial
I36: INDUSTRIALES ACTIVOS | V36: COMPENSACIÓN PARA INDUSTRIALES ACTIVOS
I37: Manzana | J37: No. | K37: IDENTIFICACIÓN | L37: Área construida m² | M37: Área terreno m² | N37: VALOR SUELO m² | O37: VALOR m2 CONSTRUCCIÓN | P37: TOTAL SUELO | Q37: COMPENSACIÓN PARA CONSTRUCCIÓN | R37: COMPENSACIÓN VALOR DESMONTE INDUSTRIAL | S37: COMPENSACIÓN VALOR ADQUISICIÓN NUEVOS TERRENOS | T37: COMPENSACIÓN DE REUBICACIÓN (CONSTRUCCIÓN + NUEVOS TERRENOS) | V37: IDENTIFICACIÓN | W37: Área construida m² | X37: Área terreno m² | Y37: TOTAL SUELO | Z37: COMPENSACIÓN VALOR DESMONTE INDUSTRIAL | AA37: COMPENSACIÓN DE REUBICACIÓN (CONSTRUCCIÓN + NUEVOS TERRENOS)
I38: 1 | J38: =C27 -> 4 | K38: =E27 -> AAA0073RYMR | L38: ='Configuración predial actual'!G9 -> 41.574747 | M38: ='Configuración predial actual'!F9 -> 38.4849 | N38: ='Configuración predial actual'!M9 -> 3024656.4 | O38: 500000 | P38: ='Configuración predial actual'!L9 -> 116403600 | Q38: =O38*L38 -> 20787374 | R38: =P38*10/100 -> 11640360 | S38: =P38*10% -> 11640360 | T38: =S38+Q38 -> 32427734 | V38: =K38 -> AAA0073RYMR | W38: =L38 -> 41.574747 | X38: =M38 -> 38.4849 | Y38: =P38 -> 116403600 | Z38: =R38 -> 11640360 | AA38: =T38 -> 32427734
I39: 2 | J39: =C31 -> 3 | K39: =E31 -> AAA0073RWOM | L39: ='Configuración predial actual'!G20 -> 1225.7952 | M39: ='Configuración predial actual'!F20 -> 408.163 | N39: ='Configuración predial actual'!M20 -> 3325397.9 | O39: 500000 | P39: ='Configuración predial actual'!L20 -> 1357304400 | Q39: =O39*L39 -> 6.1289762e+08 | R39: =P39*10/100 -> 135730440 | S39: =P39*10% -> 135730440 | T39: =S39+Q39 -> 7.4862806e+08 | V39: =K39 -> AAA0073RWOM | W39: =L39 -> 1225.7952 | X39: =M39 -> 408.163 | Y39: =P39 -> 1357304400 | Z39: =R39 -> 135730440 | AA39: =T39 -> 7.4862806e+08
I40: 2 | J40: =C33 -> 5 | K40: =E33 -> AAA0073RWLF | L40: ='Configuración predial actual'!G22 -> 7330.7144 | M40: ='Configuración predial actual'!F22 -> 5630.3641 | N40: ='Configuración predial actual'!M22 -> 2871283 | O40: 500000 | P40: ='Configuración predial actual'!L22 -> 16166368800 | Q40: =O40*L40 -> 3.6653572e+09 | R40: =P40*10/100 -> 1616636880 | S40: =P40*10% -> 1616636880 | T40: =S40+Q40 -> 5.2819941e+09 | V40: =K40 -> AAA0073RWLF | W40: =L40 -> 7330.7144 | X40: =M40 -> 5630.3641 | Y40: =P40 -> 16166368800 | Z40: =R40 -> 1616636880 | AA40: =T40 -> 5.2819941e+09
I41: TOTAL | M41: =M38+M39+M40 -> 6077.012 | P41: =SUM(P38:P40) -> 17640076800 | Q41: =SUM(Q38:Q40) -> 4.2990422e+09 | R41: =SUM(R38:R40) -> 1764007680 | S41: =SUM(S38:S40) -> 1764007680 | T41: =SUM(T38:T40) -> 6.0630499e+09 | V41: TOTALES | X41: =X38+X39+X40 -> 6077.012 | Y41: =P41 -> 17640076800 | Z41: =R41 -> 1764007680 | AA41: =T41 -> 6.0630499e+09
U42: =Q41+R41+S41 -> 7.8270575e+09 | V42: TOTALES SUELO | W42: =Y41 -> 17640076800
I43: INDUSTRIALES INACTIVOS | V43: TOTALES CARGA | W43: =Z41+AA41 -> 7.8270575e+09
I44: Manzana | J44: No. | K44: IDENTIFICACIÓN | L44: Área construida m² | M44: Área terreno m² | N44: TOTAL SUELO | O44: m² por bodega | P44: Valor final del suelo | W44: =W39+W38+W40 -> 8598.0844 | X44: =X40+X39+X38 -> 6077.012
I45: 1 | J45: =C28 -> 5 | K45: =E28 -> AAA0073RYNX | L45: ='Configuración predial actual'!G10 -> 1016.5788 | M45: ='Configuración predial actual'!F10 -> 1072.6186 | N45: ='Configuración predial actual'!L10 -> 3504182400 | O45: =M45/2 -> 536.3093 | P45: =O45*'Reparto Cargas'!E120 -> 4826783700 | Q45: Se reconoce por 2 metros de industria un metro de logisticos
I46: 1 | J46: =C29 -> 7 | K46: =E29 -> AAA0073RYPA | L46: ='Configuración predial actual'!G12 -> 2437.0634 | M46: ='Configuración predial actual'!F12 -> 1218.5317 | N46: ='Configuración predial actual'!L12 -> 4320502800 | O46: =M46/2 -> 609.26585 | P46: =O46*'Reparto Cargas'!E120 -> 5483392650 | U46: Area vendible | V46: MZ 1 | W46: MZ 2 | X46: Total
I47: 2 | J47: =C30 -> 2 | K47: =E30 -> AAA0160AORJ | L47: ='Configuración predial actual'!G19 -> 955.31252 | M47: ='Configuración predial actual'!F19 -> 673.1046 | N47: ='Configuración predial actual'!L19 -> 2189239200 | O47: =M47/2 -> 336.5523 | P47: =O47*'Reparto Cargas'!E120 -> 3028970700 | T47: COMERCIO | U47: ='Cuadro Áreas'!I126 -> 4419.7745 | V47: =O54+O55 -> 1791.5607 | W47: =O56+O57+O58+O59+O60 -> 1234.4327 | X47: =O61 -> 3025.9934
I48: 2 | J48: =C32 -> 4 | K48: =E32 -> AAA0160AOSY | L48: ='Configuración predial actual'!G21 -> 998.78833 | M48: ='Configuración predial actual'!F21 -> 977.7536 | N48: ='Configuración predial actual'!L21 -> 2915230800 | O48: =M48/2 -> 488.8768 | P48: =O48*'Reparto Cargas'!E120 -> 4399891200 | T48: LOGÍSTICO | U48: ='Cuadro Áreas'!I127 -> 13759.442 | V48: =O45+O46+O63+O64+O65+O66+O67+O68 -> 3022.4137 | W48: =O47+O48+O49 -> 1216.7086 | X48: =V48+W48 -> 4239.1223
I49: 2 | J49: =C34 -> 7 | K49: =E34 -> AAA0073RWRJ | L49: ='Configuración predial actual'!G24 -> 798.96677 | M49: ='Configuración predial actual'!F24 -> 782.559 | N49: ='Configuración predial actual'!L24 -> 2407172400 | O49: =M49/2 -> 391.2795 | P49: =O49*'Reparto Cargas'!E120 -> 3521515500 | Q49: =P41+N50+N61+N69+Q41+R41+S41 -> 8.6181212e+10 | X49: =X47+X48 -> 7265.1157
I50: TOTAL | N50: =SUM(N45:N49) -> 15336327600 | O50: =SUM(O45:O49) -> 2362.2838 | P50: =SUM(P45:P49) -> 21260553750 | T50: =O50+O69 -> 4239.1223
I52: Manzana | J52: No. | K52: IDENTIFICACIÓN | L52: Área terreno m² | M52: VALOR SUELO m² | N52: TOTAL A INDEMIZAR | O52: m² por uso | P52: Valor final del suelo
I53: REMPLAZO EN COMERCIO | AA53: =W43+192000000 -> 8.0190575e+09
I54: 1 | J54: =C5 -> 3 | K54: =E5 -> AAA0073RYLF | L54: ='Configuración predial actual'!F8 -> 1635.3623 | M54: ='Configuración predial actual'!M8 -> 3868747.1 | N54: ='Configuración predial actual'!L8 -> 6326803200 | O54: =L54/3 -> 545.12077 | P54: =O54*'Reparto Cargas'!E119 -> 6541449200 | Q54: Se reconoce por cada 3 metros de comercio 1 metro de comercio
I55: 1 | J55: =C10 -> 8 | K55: =E10 -> AAA0073RYEP | L55: ='Configuración predial actual'!F13 -> 3739.3198 | M55: ='Configuración predial actual'!M13 -> 3510368 | N55: ='Configuración predial actual'!L13 -> 13126388400 | O55: =L55/3 -> 1246.4399 | P55: =O55*'Reparto Cargas'!E119 -> 14957279200
I56: 2 | J56: =C14 -> 1 | K56: =E14 -> AAA0073RWMR | L56: ='Configuración predial actual'!F18 -> 932.6914 | M56: ='Configuración predial actual'!M18 -> 3816102.1 | N56: ='Configuración predial actual'!L18 -> 3559245600 | O56: =L56/3 -> 310.89713 | P56: =O56*'Reparto Cargas'!E119 -> 3730765600
I57: 2 | J57: =C19 -> 6 | K57: =E19 -> AAA0073RWPA | L57: ='Configuración predial actual'!F23 -> 988.0891 | M57: ='Configuración predial actual'!M23 -> 3369886.4 | N57: ='Configuración predial actual'!L23 -> 3329748000 | O57: =L57/3 -> 329.36303 | P57: =O57*'Reparto Cargas'!E119 -> 3.9523564e+09
I58: 2 | J58: =C21 -> 8 | K58: =E21 -> AAA0073RWTD | L58: ='Configuración predial actual'!F25 -> 280.8958 | M58: ='Configuración predial actual'!M25 -> 2380999.6 | N58: ='Configuración predial actual'!L25 -> 668812800 | O58: =L58/3 -> 93.631933 | P58: =O58*'Reparto Cargas'!E119 -> 1123583200
I59: 2 | J59: =C22 -> 9 | K59: =E22 -> AAA0073RWSY | L59: ='Configuración predial actual'!F26 -> 888.0795 | M59: ='Configuración predial actual'!M26 -> 2979954.8 | N59: ='Configuración predial actual'!L26 -> 2646436800 | O59: =L59/3 -> 296.0265 | P59: =O59*'Reparto Cargas'!E119 -> 3552318000
I60: 2 | J60: =C23 -> 10 | K60: =E23 -> AAA0073RWKC | L60: ='Configuración predial actual'!F27 -> 613.5424 | M60: ='Configuración predial actual'!M27 -> 3550240.7 | N60: ='Configuración predial actual'!L27 -> 2178223200 | O60: =L60/3 -> 204.51413 | P60: =O60*'Reparto Cargas'!E119 -> 2454169600
I61: TOTAL | N61: =SUM(N54:N60) -> 31835658000 | O61: =SUM(O54:O60) -> 3025.9934 | P61: =SUM(P54:P60) -> 36311921200 | R61: IDENTIFICACIÓN | S61: ÁREA CONSTRUIDA
I62: REMPLAZO EN LOGÍSTICOS | R62: AAA0073RYKC | S62: 724.23 | T62: 60000 | U62: =T62*S62 -> 43453800
I63: 1 | J63: =C3 -> 1 | K63: =E3 -> AAA0073RYJZ | L63: ='Configuración predial actual'!F6 -> 400.9735 | M63: ='Configuración predial actual'!M6 -> 3393147.9 | N63: ='Configuración predial actual'!L6 -> 1360562400 | O63: =L63/2 -> 200.48675 | P63: =O63*'Reparto Cargas'!E120 -> 1804380750 | Q63: se reconoce por cada 2 metros de logístico 1 metro de logístico | R63: AAA0073RYLF | S63: 1983.52 | T63: 60000 | U63: =T63*S63 -> 119011200
I64: 1 | J64: =C4 -> 2 | K64: =E4 -> AAA0073RYKC | L64: ='Configuración predial actual'!F7 -> 947.8931 | M64: ='Configuración predial actual'!M7 -> 3038889.5 | N64: ='Configuración predial actual'!L7 -> 2880542400 | O64: =L64/2 -> 473.94655 | P64: =O64*'Reparto Cargas'!E120 -> 4265518950 | R64: AAA0073RYOM | S64: 430.49 | T64: 60000 | U64: =T64*S64 -> 25829400
I65: 1 | J65: =C8 -> 6 | K65: =E8 -> AAA0073RYOM | L65: ='Configuración predial actual'!F11 -> 429.1085 | M65: ='Configuración predial actual'!M11 -> 2944164.5 | N65: ='Configuración predial actual'!L11 -> 1263366000 | O65: =L65/2 -> 214.55425 | P65: =O65*'Reparto Cargas'!E120 -> 1930988250 | R65: AAA0073RWKC | S65: 3247 | T65: 60000 | U65: =T65*S65 -> 194820000
I66: 1 | J66: =C12 -> 10 | K66: =E12 -> AAA0073RYFZ | L66: ='Configuración predial actual'!F15 -> 690.9195 | M66: ='Configuración predial actual'!M15 -> 3545378 | N66: ='Configuración predial actual'!L15 -> 2449570800 | O66: =L66/2 -> 345.45975 | P66: =O66*'Reparto Cargas'!E120 -> 3109137750
I67: 1 | J67: =C13 -> 11 | K67: =E13 -> AAA0073RYHK | L67: ='Configuración predial actual'!F16 -> 685.6766 | M67: ='Configuración predial actual'!M16 -> 4066733.5 | N67: ='Configuración predial actual'!L16 -> 2788464000 | O67: =L67/2 -> 342.8383 | P67: =O67*'Reparto Cargas'!E120 -> 3085544700
I68: 1 | J68: =C11 -> 9 | K68: =E11 -> AAA0073RYDE | L68: ='Configuración predial actual'!F14 -> 599.1058 | M68: ='Configuración predial actual'!M14 -> 4672942.2 | N68: ='Configuración predial actual'!L14 -> 2799586800 | O68: =L68/2 -> 299.5529 | P68: =O68*'Reparto Cargas'!E120 -> 2695976100
I69: TOTAL | N69: =SUM(N63:N68) -> 13542092400 | O69: =SUM(O63:O68) -> 1876.8385 | P69: =SUM(P63:P68) -> 16891546500
N71: =P41+N50+N61+N69 -> 78354154800
L72: =L54+L55+L56+L57+L59+L58+L60 -> 9077.9803
M74: =M45+M46+M47+M48+M49 -> 4724.5675 | N74: =N69+N61+N50 -> 60714078000 | P74: =P69+P61+P50 -> 74464021450 | Q74: =P74-N74 -> 13749943450 | R74: =N74/Q74 -> 4.4155875
M75: =L63+L64+L65+L67+L66+L68 -> 3753.677
M76: =M74+M75 -> 8478.2445 | P76: =(P74*100)/N74 -> 122.64704
M77: =M76/2 -> 4239.1223 | N77: =M77*9000000 -> 38152100250
N79: =N69+N50 -> 28878420000

Sheet Conclusiones
D2: Inicial | E2: Final
B3: Área privada | D3: ='Configuración predial actual'!F29 -> 23633.237 | E3: ='Cuadro Áreas'!E42 -> 9879.3051
B4: Valor del suelo m² | D4: ='Configuración predial actual'!M29 -> 3356263.5 | E4: ='Reparto Cargas'!I39/'Reparto Cargas'!D32 -> 3897227.4
B5: Cesiones | C5: Espacio público | D5: 0 | E5: ='Cuadro Áreas'!E61 -> 11643.74
C6: Dotacional | D6: 0 | E6: ='Cuadro Áreas'!E59+'Cuadro Áreas'!E60 -> 5212.2252
B7: Vias | D7: ='Cuadro Áreas'!E34 -> 7825.5387 | E7: ='Cuadro Áreas'!E34 -> 7825.5387
B8: APAUP | D8: 0 | E8: =SUM('Cuadro Áreas'!I150:I155) -> 7069.1826
B9: Industria | D9: 10801.58 | E9: 0
B10: Comercio | D10: 12831.66 | E10: ='Cuadro Áreas'!E126 -> 6099.8935
B11: Servicios logisticos | D11: 0 | E11: ='Cuadro Áreas'!E127 -> 16470.588
B12: Oficina | D12: 0 | E12: ='Cuadro Áreas'!E128 -> 6906.5358
B13: Vivienda No VIS | D13: 0 | E13: ='Cuadro Áreas'!E131 -> 55713.077
B14: VIS | D14: 0 | E14: ='Cuadro Áreas'!E130 -> 23954.89
B15: VIP | D15: 0 | E15: 0
B16: Vivienda Estudiantil | D16: 0 | E16: ='Cuadro Áreas'!E129 -> 5416.1194

Sheet CONTENIDO
P4: TABLA DE CONTENIDO
P5: Configuración predial actual
P6: Situación jurídica predios
P7: Cuadro Áreas
P8: Reparto Cargas

Sheet Configuración predial actual
B1: * Elaboración propia, información base de datos Catastro Distrital - 2021.
B3: CONFIGURACIÓN PREDIAL ACTUAL
B5: Manzana | C5: No. | D5: Dirección | E5: CHIP | F5: Área terreno m² | G5: Área construida m² | H5: Altura (pisos) | I5: I.O | J5: I.C | K5: Valor catastral | L5: Valor comercial aprox. | M5: Valor comercial m² | N5: Uso
B6: Manzana 1 | C6: 1 | D6: AC 13 35 90 | E6: AAA0073RYJZ | F6: 400.9735 | G6: 398.2312 | H6: 1 | I6: =(G6/H6)/F6 -> 0.99316091 | J6: =G6/F6 -> 0.99316091 | K6: 1133802000 | L6: =K6+(K6*L30) -> 1360562400 | M6: =L6/F6 -> 3393147.9 | N6: Comercio
C7: 2 | D7: AK 36 13 38 | E7: AAA0073RYKC | F7: 947.8931 | G7: 724.23012 | H7: 1 | I7: =(G7/H7)/F7 -> 0.76404198 | J7: =G7/F7 -> 0.76404198 | K7: 2400452000 | L7: =K7+(K7*L30) -> 2880542400 | M7: =L7/F7 -> 3038889.5 | N7: Comercio
C8: 3 | D8: AK 36 13 92 | E8: AAA0073RYLF | F8: 1635.3623 | G8: 1983.5182 | H8: 3 | I8: =(G8/H8)/F8 -> 0.4042974 | J8: =G8/F8 -> 1.2128922 | K8: 5272336000 | L8: =K8+(K8*L30) -> 6326803200 | M8: =L8/F8 -> 3868747.1 | N8: Comercio
C9: 4 | D9: CL 15 35 79 | E9: AAA0073RYMR | F9: 38.4849 | G9: 41.574747 | H9: 1 | I9: =(G9/H9)/F9 -> 1.0802873 | J9: =G9/F9 -> 1.0802873 | K9: 97003000 | L9: =K9+(K9*L30) -> 116403600 | M9: =L9/F9 -> 3024656.4 | N9: Industrial
C10: 5 | D10: CL 15 35 59 | E10: AAA0073RYNX | F10: 1072.6186 | G10: 1016.5788 | H10: 1 | I10: =(G10/H10)/F10 -> 0.94775425 | J10: =G10/F10 -> 0.94775425 | K10: 2920152000 | L10: =K10+(K10*L30) -> 3504182400 | M10: =L10/F10 -> 3266941.7 | N10: Industrial
C11: 6 | D11: CL 15 35 41 | E11: AAA0073RYOM | F11: 429.1085 | G11: 430.49261 | H11: 1 | I11: =(G11/H11)/F11 -> 1.0032256 | J11: =G11/F11 -> 1.0032256 | K11: 1052805000 | L11: =K11+(K11*L30) -> 1263366000 | M11: =L11/F11 -> 2944164.5 | N11: Comercio
C12: 7 | D12: KR 35 13 77 | E12: AAA0073RYPA | F12: 1218.5317 | G12: 2437.0634 | H12: 2 | I12: =(G12/H12)/F12 -> 1 | J12: =G12/F12 -> 2 | K12: 3600419000 | L12: =K12+(K12*L30) -> 4320502800 | M12: =L12/F12 -> 3545663 | N12: Industrial
C13: 8 | D13: AC 13 35 38 | E13: AAA0073RYEP | F13: 3739.3198 | G13: 5530.4591 | H13: 3 | I13: =(G13/H13)/F13 -> 0.49300046 | J13: =G13/F13 -> 1.4790014 | K13: 10938657000 | L13: =K13+(K13*L30) -> 13126388400 | M13: =L13/F13 -> 3510368 | N13: Comercio
C14: 9 | D14: KR 35 13 13 | E14: AAA0073RYDE | F14: 599.1058 | G14: 1267.2054 | H14: 3 | I14: =(G14/H14)/F14 -> 0.70505374 | J14: =G14/F14 -> 2.1151612 | K14: 2332989000 | L14: =K14+(K14*L30) -> 2799586800 | M14: =L14/F14 -> 4672942.2 | N14: Comercio
C15: 10 | D15: AC 13 35 52 | E15: AAA0073RYFZ | F15: 690.9195 | G15: 953.73651 | H15: 2 | I15: =(G15/H15)/F15 -> 0.69019365 | J15: =G15/F15 -> 1.3803873 | K15: 2041309000 | L15: =K15+(K15*L30) -> 2449570800 | M15: =L15/F15 -> 3545378 | N15: Comercio
C16: 11 | D16: AC 13 35 60 | E16: AAA0073RYHK | F16: 685.6766 | G16: 765.7462 | H16: 2 | I16: =(G16/H16)/F16 -> 0.55838729 | J16: =G16/F16 -> 1.1167746 | K16: 2323720000 | L16: =K16+(K16*L30) -> 2788464000 | M16: =L16/F16 -> 4066733.5 | N16: Comercio
B17: TOTAL Manzana 1 | F17: =SUM(F6:F16) -> 11457.994 | G17: =SUM(G6:G16) -> 15548.836 | K17: =SUM(K6:K16) -> 34113644000 | L17: =SUM(L6:L16) -> 40936372800 | M17: =AVERAGE(M6:M16) -> 3534330.2
B18: Manzana 2 | C18: 1 | D18: KR 35 13 20 | E18: AAA0073RWMR | F18: 932.6914 | G18: 1032.7447 | H18: 1 | I18: =(G18/H18)/F18 -> 1.1072738 | J18: =G18/F18 -> 1.1072738 | K18: 2966038000 | L18: =K18+(K18*L30) -> 3559245600 | M18: =L18/F18 -> 3816102.1 | N18: Comercio
C19: 2 | D19: KR 35 13 62 | E19: AAA0160AORJ | F19: 673.1046 | G19: 955.31252 | H19: 2 | I19: =(G19/H19)/F19 -> 0.70963155 | J19: =G19/F19 -> 1.4192631 | K19: 1824366000 | L19: =K19+(K19*L30) -> 2189239200 | M19: =L19/F19 -> 3252450.2 | N19: Industrial
C20: 3 | D20: KR 35 13 84 | E20: AAA0073RWOM | F20: 408.163 | G20: 1225.7952 | H20: 3 | I20: =(G20/H20)/F20 -> 1.0010668 | J20: =G20/F20 -> 3.0032003 | K20: 1131087000 | L20: =K20+(K20*L30) -> 1357304400 | M20: =L20/F20 -> 3325397.9 | N20: Industrial
C21: 4 | D21: CL 15 34 73 | E21: AAA0160AOSY | F21: 977.7536 | G21: 998.78833 | H21: 1 | I21: =(G21/H21)/F21 -> 1.0215133 | J21: =G21/F21 -> 1.0215133 | K21: 2429359000 | L21: =K21+(K21*L30) -> 2915230800 | M21: =L21/F21 -> 2981559.8 | N21: Industrial
C22: 5 | D22: CL 15 34 35 | E22: AAA0073RWLF | F22: 5630.3641 | G22: 7330.7144 | H22: 5 | I22: =(G22/H22)/F22 -> 0.2603993 | J22: =G22/F22 -> 1.3019965 | K22: 13471974000 | L22: =K22+(K22*L30) -> 16166368800 | M22: =L22/F22 -> 2871283 | N22: Industrial
C23: 6 | D23: KR 34 13 97 | E23: AAA0073RWPA | F23: 988.0891 | G23: 994.72199 | H23: 1 | I23: =(G23/H23)/F23 -> 1.0067129 | J23: =G23/F23 -> 1.0067129 | K23: 2774790000 | L23: =K23+(K23*L30) -> 3329748000 | M23: =L23/F23 -> 3369886.4 | N23: Comercio
C24: 7 | D24: KR 34 13 61 | E24: AAA0073RWRJ | F24: 782.559 | G24: 798.96677 | H24: 1 | I24: =(G24/H24)/F24 -> 1.0209668 | J24: =G24/F24 -> 1.0209668 | K24: 2005977000 | L24: =K24+(K24*L30) -> 2407172400 | M24: =L24/F24 -> 3076026.7 | N24: Industrial
C25: 8 | D25: KR 34 13 35 | E25: AAA0073RWTD | F25: 280.8958 | G25: 10.10527 | H25: 1 | I25: =(G25/H25)/F25 -> 0.035975156 | J25: =G25/F25 -> 0.035975156 | K25: 557344000 | L25: =K25+(K25*L30) -> 668812800 | M25: =L25/F25 -> 2380999.6 | N25: Comercio
C26: 9 | D26: AC 13 34 10 | E26: AAA0073RWSY | F26: 888.0795 | G26: 1027.6431 | H26: 2 | I26: =(G26/H26)/F26 -> 0.57857605 | J26: =G26/F26 -> 1.1571521 | K26: 2205364000 | L26: =K26+(K26*L30) -> 2646436800 | M26: =L26/F26 -> 2979954.8 | N26: Comercio
C27: 10 | D27: AC 13 34 54 | E27: AAA0073RWKC | F27: 613.5424 | G27: 3247.7626 | H27: 5 | I27: =(G27/H27)/F27 -> 1.0586921 | J27: =G27/F27 -> 5.2934607 | K27: 1815186000 | L27: =K27+(K27*L30) -> 2178223200 | M27: =L27/F27 -> 3550240.7 | N27: Comercio
B28: TOTAL Manzana 2 | F28: =SUM(F18:F27) -> 12175.242 | G28: =SUM(G18:G27) -> 17622.555 | K28: =SUM(K18:K27) -> 31181485000 | L28: =SUM(L18:L27) -> 37417782000 | M28: =AVERAGE(M18:M27) -> 3160390.1
B29: TOTAL | F29: =F17+F28 -> 23633.237 | G29: =G17+G28 -> 33171.391 | I29: =AVERAGE(I6:I16,I18:I27) -> 0.78286715 | J29: =AVERAGE(J6:J16,J18:J27) -> 1.4504858 | K29: =K17+K28 -> 65295129000 | L29: =L17+L28 -> 78354154800 | M29: =AVERAGE(M6:M16,M18:M27) -> 3356263.5
L30: 0.2

Sheet Situación jurídica predios
B1: * Elaboración propia, información Certificados de Tradición y Libertad, junio 2022.
B3: Manzana | C3: No. | D3: Dirección | E3: CHIP | F3: Folio de matrícula | G3: Propietario | H3: Comentarios
B4: Manzana 1 | C4: 1 | D4: AC 13 35 90 | E4: AAA0073RYJZ | F4: 50C-200925 | G4: Adolfo Patiño Osorio | H4: N.A
C5: 2 | D5: AK 36 13 38 | E5: AAA0073RYKC | F5: 50C-622135 | G5: Fiduciaria Davivienda S.A. como vocera y administradora del patrimonio autónomo Fideicomiso AGP Colombia | H5: N.A
C6: 3 | D6: AK 36 13 92 | E6: AAA0073RYLF | F6: 50C-1215315 | G6: Fiduciaria Davivienda S.A. como vocera y administradora del patrimonio autónomo Fideicomiso AGP Colombia | H6: N.A
C7: 4 | D7: CL 15 35 79 | E7: AAA0073RYMR | F7: 50C-472098 | G7: Codensa S.A. | H7: N.A
C8: 5 | D8: CL 15 35 59 | E8: AAA0073RYNX | F8: 50C-50147 | G8: Fiduciaria Davivienda S.A. como vocera y administradora del patrimonio autónomo Fideicomiso AGP Colombia | H8: N.A
C9: 6 | D9: CL 15 35 41 | E9: AAA0073RYOM | F9: 50C-287629 | G9: Fiduciaria Davivienda S.A. como vocera y administradora del patrimonio autónomo Fideicomiso AGP Colombia | H9: N.A
C10: 7 | D10: KR 35 13 77 | E10: AAA0073RYPA | F10: 50C-220913 | G10: BBVA Colombia | H10: Declaración de bien de interés cultural
C11: 8 | D11: AC 13 35 38 | E11: AAA0073RYEP | F11: 50C-26009 | G11: SOCIEDAD DE FABRICACION DE AUTOMOTORES S.A SOFASA | H11: N.A
C12: 9 | D12: KR 35 13 13 | E12: AAA0073RYDE | F12: 50C-849 | G12: IMPORTADORA SANCHEZ Y CIA | H12: N.A
C13: 10 | D13: AC 13 35 52 | E13: AAA0073RYFZ | F13: 50C-33979 | G13: TECNOLOGIA INMIBILIARIA S.A | H13: N.A
C14: 11 | D14: AC 13 35 60 | E14: AAA0073RYHK | F14: 50C-733764 | G14: TECNOLOGIA INMIBILIARIA S.A. | H14: N.A
B15: Manzana 2 | C15: 1 | D15: KR 35 13 20 | E15: AAA0073RWMR | F15: 50C-275694 | G15: Inversiones JP Constructora S.A.S. | H15: N.A
C16: 2 | D16: KR 35 13 62 | E16: AAA0160AORJ | F16: 50C-54066 | G16: SDC Inversiones S.A. | H16: N.A
C17: 3 | D17: KR 35 13 84 | E17: AAA0073RWOM | F17: 50C-520179 | G17: Excedentes Industriales LTDA | H17: N.A
C18: 4 | D18: CL 15 34 73 | E18: AAA0160AOSY | F18: 50C-59420 | G18: SDC Inversiones S.A. | H18: N.A
C19: 5 | D19: CL 15 34 35 | E19: AAA0073RWLF | F19: 50C-1505597 | G19: Harinera del Valle S.A. | H19: N.A
C20: 6 | D20: KR 34 13 97 | E20: AAA0073RWPA | F20: 50C-928284 | G20: Harinera del Valle S.A. | H20: Inscripción de contrato de arrendamiento con Empresas Unidas de Energía Eléctrica de Bogotá de 2009
C21: 7 | D21: KR 34 13 61 | E21: AAA0073RWRJ | F21: 50C-691051 | G21: Ana Isabel De Botton Child | H21: N.A
C22: 8 | D22: KR 34 13 35 | E22: AAA0073RWTD | F22: 50C-1500975 | G22: Harinera del Valle S.A. | H22: N.A
C23: 9 | D23: AC 13 34 10 | E23: AAA0073RWSY | F23: 50C-1500974 | G23: Harinera del Valle S.A. | H23: N.A
C24: 10 | D24: AC 13 34 54 | E24: AAA0073RWKC | F24: 50C-1258877 | G24: Inmobiliaria Santa Teresita LTDA | H24: EXTINCION DEL DERECHO DE DOMINIO PRIVADO SOBRE LA CUAL SE EXTINGUIO EL "65.34% a favor del Fondo para la Rehabilitacion, inversion social y lucha contra el crimen organizado-Frisco
J26: Hallazgos | K26: Medida de mitigación
J27: Declaración de bien de interés cultural | K27: Ninguna. Se conservará el bien de interés cultural, con una adecuación funcional.
J28: Inscripción de una anotación de extinción del derecho de dominio privado sobre la cual se extinguió un porcentaje de propiedad equivalente al 65.34% a favor del Fondo para la Rehabilitación, inversión social y lucha contra el crimen organizado-Frisco, hoy sociedad de Activos Especiales SAE. | K28: Se deberá negociar con la Sociedad de Activos Especiales – SAE para la adquisición de la cuota de propiedad correspondiente.

Sheet Cuadro Áreas
B1: *Elaboración propia, datos de las areas planteamiento urbanistico elaborado en Auto CAD (planos elaboración propia)
B3: CUADRO DE ÁREAS
B5: ÁREAS ACTUALES
C6: Area m² | F6: Porcentaje
C7: Mz 1 | D7: Mz 2 | E7: Total
B8: Delimitación Plan Parcial | E8: 31802.98 | F8: 1 | G8: Art. 328 Minimo 3 ha.
B9: Espacio público manzanas | C9: =C11-C10 -> 2059.3051 | D9: =D11-D10 -> 1710.7098 | E9: =C9+D9 -> 3770.0149 | F9: =E9/E8 -> 0.11854282 | G9: Art. 328 - 65%- Obligaciones urbanísticas para proyectos que requieren de la adopción de plan parcial
B10: Área Privada manzanas | C10: ='Configuración predial actual'!F17 -> 11457.994 | D10: ='Configuración predial actual'!F28 -> 12175.242 | E10: =C10+D10 -> 23633.237 | F10: =E10/E8 -> 0.7431139
B11: Área total manzanas | C11: 13517.299 | D11: 13885.952 | E11: =C11+D11 -> 27403.252 | F11: =E11/E8 -> 0.86165672
B12: Afectación carrera 36 | C12: 6.5062 | D12: 0 | E12: =C12+D12 -> 6.5062 | F12: =E12/E8 -> 0.00020457831 | G12: Plano sistema de Movilidad - espacio publico para la movilidad- red vial
B13: Espacio público circundante | E13: =E8-(E11+E12) -> 4393.2223 | F13: =E13/E8 -> 0.1381387 | G13: Art. 328 - 65%- Obligaciones urbanísticas para proyectos que requieren de la adopción de plan parcial
B28: ÁREAS PROPUESTA URBANISTICA
C29: Área m² | F29: Porcentaje
C30: Mz 1 | D30: Mz 2 | E30: Total
B31: Delimitación Plan Parcial | E31: =E8 -> 31802.98 | F31: =F8 -> 1
B32: Área Bruta de la urbanización | E32: =E31 -> 31802.98 | F32: =E32/E31 -> 1
B33: Afectaciones | C33: 0 | D33: 0 | E33: 0 | F33: =E33/E32 -> 0
B34: Área de manejo diferenciado | E34: =E32-E35 -> 7825.5387 | F34: =E34/E31 -> 0.24606306 | G34: Art. 498. No. 5 - Áreas de manejo diferenciado
B35: Área neta urbanizable | C35: =11728.8529+C37 -> 11802.199 | D35: =12102.9987+D37 -> 12175.243 | E35: =C35+D35 -> 23977.442 | F35: =F32-F34 -> 0.75393694
B36: Cesión a reubicar Calle 14 | C36: 393.2604 | D36: 0 | E36: =C36+D36 -> 393.2604 | F36: =E36/E35 -> 0.016401266 | G36: Art.328- Obligaciones urbanísticas para proyectos que requieren de la adopción de plan parcial
B37: Cesión adicional andenes | C37: =73.346 -> 73.346 | D37: =72.2439 -> 72.2439 | E37: =C37+D37 -> 145.5899 | F37: =E37/E35 -> 0.0060719531 | G37: Art. 328- Obligaciones urbanísticas para proyectos que requieren de la adopción de plan parcial
B38: Equipamiento - BIC (área ocupada) | C38: ='Configuración predial actual'!F12 -> 1218.5317 | D38: 0 | E38: =C38+D38 -> 1218.5317 | F38: =E38/E35 -> 0.050819922 | G38: Art. 329. Paragrafo 1. .Obligación urbanística para equipamiento público (se podrán entregar bienes de interés cultural que se encuentren al interior del proyecto
B39: Equipamiento Servicios del cuidado (área ocupada) | C39: 0 | D39: 1235.8646 | E39: =C39+D39 -> 1235.8646 | F39: =E39/E35 -> 0.051542805 | G39: Art. 329- .Obligación urbanística para equipamiento público ( tres por ciento (3%) del área del terreno o el tres (3%) por ciento del área total construida.)
B40: Cesión espacio público efectivo | C40: =5585.8746-196.58035 -> 5389.2942 | D40: =5912.1759-196.58035 -> 5715.5956 | E40: =C40+D40 -> 11104.89 | F40: =E40/E35 -> 0.46313906 | G40: Art. 328- Obligaciones urbanísticas para proyectos que requieren de la adopción de plan parcial
B41: Total cargas área ocupada | C41: =SUM(C36:C40) -> 7074.4324 | D41: =SUM(D36:D40) -> 7023.7041 | E41: =SUM(E36:E40) -> 14098.136 | F41: =E41/E35 -> 0.58797501
B42: Área Util | C42: 4924.3466 | D42: 4954.9585 | E42: =E35-E41 -> 9879.3051 | F42: =E42/E35 -> 0.41202499
C57: Área m² | F57: Porcentaje
C58: Mz 1 | D58: Mz 2 | E58: Total
B59: Equipamiento - BIC (área construida) | C59: =C38*2 -> 2437.0634 | D59: =D38 -> 0 | E59: =C59+D59 -> 2437.0634 | F59: =E59/E35 -> 0.10163984 | G59: Art. 329 -.Obligación urbanística para equipamiento público (se podrán entregar bienes de interés cultural que se encuentren al interior del proyecto)
B60: Equipamiento Servicios del cuidado (área construida) | C60: 0 | D60: =758.8757+780.4215+D39 -> 2775.1618 | E60: =C60+D60 -> 2775.1618 | F60: =E60/E35 -> 0.11574053 | G60: Art. 329- .Obligación urbanística para equipamiento público (tres por ciento (3%) del área del terreno o el tres (3%) por ciento del área total construida)
B61: Cesión espacio público efectivo - adicional - reubicar | C61: =C36+C37+C40 -> 5855.9006 | D61: =D36+D37+D40 -> 5787.8395 | E61: =C61+D61 -> 11643.74 | F61: =E61/E35 -> 0.48561228 | G61: Art. 328 Obligaciones urbanísticas para proyectos que requieren de la adopción de plan parcial -65%
B62: Total cargas área construida | C62: =SUM(C59:C61) -> 8292.964 | D62: =SUM(D59:D61) -> 8563.0013 | E62: =SUM(E59:E61) -> 16855.965 | F62: =E62/E35 -> 0.70299266 | G62: Art. 328- Obligaciones urbanísticas para proyectos que requieren de la adopción de plan parcial
C77: Área Construida m² | F77: Porcentaje | G77: Área Vendible m² | J77: Número de unidades
C78: Mz 1 | D78: Mz 2 | E78: Total | G78: Mz 1 | H78: Mz 2 | I78: Total | J78: Mz 1 | K78: Mz 2 | L78: Total
B79: Primer piso - PLATAFORMA | C79: 3501.1505 | D79: 3367.8582 | E79: =C79+D79 -> 6869.0087 | F79: 1 | G79: =SUM(G80:G85) -> 2319.0415 | H79: =SUM(H80:H85) -> 2100.733 | I79: =G79+H79 -> 4419.7745
B80: Comercio | C80: =C79-(SUM(C81:C85)) -> 3184.9825 | D80: =D79-(SUM(D81:D85)) -> 2914.911 | E80: =C80+D80 -> 6099.8935 | F80: =I80/I79 -> 1 | G80: =1197.9288+525.1916+138.3197+457.6014 -> 2319.0415 | H80: =1016.9562+1083.7768 -> 2100.733 | I80: =G80+H80 -> 4419.7745 | J80: =G80/F138 -> 5.1534256 | K80: =H80/F138 -> 4.6682956 | L80: =J80+K80 -> 9.8217211 | M80: Art. 243 - Tipo 1- Usos del suelo permitidos por área de actividad.
B81: Servicios logisticos (Puntos fijos) | C81: 59.1911 | D81: 71.0826 | E81: =C81+D81 -> 130.2737 | F81: =I81/I79 -> 0 | M81: Art. 243 - Tipo 1- Usos del suelo permitidos por área de actividad.
B82: Oficinas (Puntos fijos) | D82: =61.8248+36 -> 97.8248 | E82: =C82+D82 -> 97.8248 | F82: =I82/I79 -> 0 | M82: Art. 243 - Tipo 1- Usos del suelo permitidos por área de actividad.
B83: Vivienda Interes Social (Puntos fijos) | C83: =40.2805+18 -> 58.2805 | D83: 68.1151 | E83: =C83+D83 -> 126.3956 | F83: =I83/I79 -> 0 | M83: Art. 322-Obligación de destinar porciones de suelo a la construcción de vivienda de interés social o prioritario o su equivalente en metros cuadrados de construcción
B84: Vivienda Estudiantil (Puntos fijos) | C84: =40.4114+18 -> 58.4114 | E84: =C84+D84 -> 58.4114 | F84: =I84/I79 -> 0 | M84: Art. 322-Obligación de destinar porciones de suelo a la construcción de vivienda de interés social o prioritario o su equivalente en metros cuadrados de construcción
B85: Vivienda ingresos medios (Puntos fijos) | C85: =75.6421+28.64286+36 -> 140.28496 | D85: =287.0073-D81 -> 215.9247 | E85: =C85+D85 -> 356.20966 | F85: =I85/I79 -> 0 | M85: Art. 243- Residencial Multifamiliar
B86: Segundo piso - PLATAFORMA | C86: =C79 -> 3501.1505 | D86: =D79 -> 3367.8582 | E86: =C86+D86 -> 6869.0087 | F86: 1 | G86: =SUM(G87:G91) -> 3066.7479 | H86: =SUM(H87:H91) -> 2411.2124 | I86: =G86+H86 -> 5477.9603
B87: Servicios logisticos | C87: =C86-(SUM(C88:C91)) -> 3429.1505 | D87: =D86-(SUM(D88:D91)) -> 3235.8582 | E87: =C87+D87 -> 6665.0087 | F87: =I87/I86 -> 1 | G87: =611.9247+(2490.8232-(C89+C90)) -> 3066.7479 | H87: =(1156.6681-(D89+D88))+(1386.5443-D91) -> 2411.2124 | I87: =G87+H87 -> 5477.9603 | J87: =G87/F139 -> 30.667479 | K87: =H87/F139 -> 24.112124 | L87: =J87+K87 -> 54.779603 | M87: Art. 243- Tipo 1-Usos del suelo permitidos por área de actividad.
B88: Oficinas (Puntos fijos) | D88: 36 | E88: =C88+D88 -> 36 | F88: =I88/I86 -> 0 | M88: Art. 243 Tipo 1-Usos del suelo permitidos por área de actividad.
B89: Vivienda Interes Social (Puntos fijos) | C89: 18 | D89: 36 | E89: =C89+D89 -> 54 | F89: =I89/I86 -> 0 | M89: Art. 322-Obligación de destinar porciones de suelo a la construcción de vivienda de interés social o prioritario o su equivalente en metros cuadrados de construcción
B90: Vivienda Estudiantil (Puntos fijos) | C90: 18 | E90: =C90+D90 -> 18 | F90: =I90/I86 -> 0 | M90: Art. 322-Obligación de destinar porciones de suelo a la construcción de vivienda de interés social o prioritario o su equivalente en metros cuadrados de construcción
B91: Vivienda ingresos medios (Puntos fijos) | C91: 36 | D91: 60 | E91: =C91+D91 -> 96 | F91: =I91/I86 -> 0 | M91: Art. 243 -Residencial Multifamiliar
B92: Tercer piso - PLATAFORMA | C92: =C42 -> 4924.3466 | D92: =D42 -> 4954.9585 | E92: =C92+D92 -> 9879.3051 | F92: 1 | G92: =SUM(G93:G97) -> 4465.0512 | H92: =SUM(H93:H97) -> 3816.4308 | I92: =G92+H92 -> 8281.482
B93: Servicios logisticos | C93: =C92-(SUM(C94:C97)) -> 4852.3466 | D93: =D92-(SUM(D94:D97)) -> 4822.9585 | E93: =C93+D93 -> 9675.3051 | F93: =I93/I92 -> 1 | G93: =(3793.4114-(C95+C96))+707.6398 -> 4465.0512 | H93: =(2049.1455-D97)+(1899.2853-(D94+D95)) -> 3816.4308 | I93: =G93+H93 -> 8281.482 | J93: =G93/F139 -> 44.650512 | K93: =H93/F139 -> 38.164308 | L93: =J93+K93 -> 82.81482 | M93: Art. 243 Tipo 1 -Usos del suelo permitidos por área de actividad.
B94: Oficinas (Puntos fijos) | D94: 36 | E94: =C94+D94 -> 36 | F94: =I94/I92 -> 0 | M94: Art. 243 Tipo 1 -Usos del suelo permitidos por área de actividad.
B95: Vivienda Interes Social (Puntos fijos) | C95: 18 | D95: 36 | E95: =C95+D95 -> 54 | F95: =I95/I92 -> 0 | M95: Art. 322 (Minimo 6%)-Obligación de destinar porciones de suelo a la construcción de vivienda de interés social o prioritario o su equivalente en metros cuadrados de construcción
B96: Vivienda Estudiantil (Puntos fijos) | C96: 18 | E96: =C96+D96 -> 18 | F96: =I96/I92 -> 0 | M96: Art 243.Usos del suelo permitidos por área de actividad- vivienda colectiva
B97: Vivienda ingresos medios (Puntos fijos) | C97: 36 | D97: 60 | E97: =C97+D97 -> 96 | F97: =I97/I92 -> 0 | M97: Art. 243 - Residencial Multifamiliar
B98: Edificaciones | C98: =SUM(C99:C102) -> 39352.855 | D98: =SUM(D99:D102) -> 51590.926 | E98: =SUM(E99:E102) -> 90943.781 | F98: 1 | G98: =SUM(G99:G102) -> 29827.271 | H98: =SUM(H99:H102) -> 40518.146 | I98: =G98+H98 -> 70345.417
B99: Oficinas - Torre 5 | D99: =D144*E144 -> 6736.711 | E99: =C99+D99 -> 6736.711 | F99: =I99/I98 -> 0.07464957 | H99: =(D144-90.1983)*(E144-1) -> 5251.2552 | I99: =G99+H99 -> 5251.2552 | K99: =H99/F144 -> 175.04184 | L99: =J99+K99 -> 175.04184 | M99: Art. 243 Tipo 1 -Usos del suelo permitidos por área de actividad.
B100: Vivienda Estudiantil - Torre 3 | C100: =D142*E142 -> 5321.708 | E100: =C100+D100 -> 5321.708 | F100: =I100/I98 -> 0.051047922 | G100: =(D142-133.1722)*(E142-1) -> 3590.9874 | I100: =G100+H100 -> 3590.9874 | J100: =G100/F142 -> 119.69958 | L100: =J100+K100 -> 119.69958 | M100: Art 243.Usos del suelo permitidos por área de actividad- vivienda colectiva
B101: Vivienda Interes Social - Torre 2 y 6 | C101: =D141*E141 -> 14059.384 | D101: =D145*E145 -> 9661.1104 | E101: =C101+D101 -> 23720.494 | F101: =I101/I98 -> 0.27189053 | G101: =(D141-107.2171)*(E141-1) -> 11572.416 | H101: =(D145-100.2303)*(E145-1) -> 7553.8365 | I101: =G101+H101 -> 19126.253 | J101: =G101/F141 -> 275.53371 | K101: =H101/F145 -> 167.86303 | L101: =J101+K101 -> 443.39675 | M101: Art. 322 (Minimo 6%)
B102: Vivienda ingresos medios - Torre 1 y 4 | C102: =D140*E140 -> 19971.763 | D102: =D143*E143 -> 35193.105 | E102: =C102+D102 -> 55164.868 | F102: =I102/I98 -> 0.60241198 | G102: =(D140-187.876)*(E140-1) -> 14663.868 | H102: =(D143-253.0136)*(E143-1) -> 27713.054 | I102: =G102+H102 -> 42376.922 | J102: =G102/F140 -> 183.29835 | K102: =H102/F143 -> 346.41318 | L102: =J102+K102 -> 529.71153 | M102: Art. 243 - Residencial Multifamiliar
B103: TOTAL | E103: =E79+E86+E92+E98 -> 114561.1 | I103: =I79+I86+I92+I98 -> 88524.634
B104: Sotanos | C104: 6392.9847 | D104: 8084.9306 | E104: =C104+D104 -> 14477.915 | J104: =(C104-(C104*40%))/2.5 -> 1534.3163 | K104: =(D104-(D104*40%))/2.5 -> 1940.3833 | L104: =J104+K104 -> 3474.6997
C106: Exigido | E106: Propuesto
B107: Obligación VIS | C107: 0.06 | D107: =E125*C107 -> 6873.6662 | E107: =F107/E125 -> 0.20910143 | F107: =E130 -> 23954.89 | G107: Art. 322. Obligación de destinar porciones de suelo a la construcción de vivienda de interés social o prioritario o su equivalente en metros cuadrados de construcción
B108: Obligación VIP | C108: 0.03 | D108: =E104*C108 -> 434.33746 | E108: =F108/E125 -> 0 | F108: 0 | G108: Artículo 323. Alternativas para hacer efectivo el cumplimiento de la obligación de destinar porciones de suelo a la construcción de vivienda de interés social o prioritario o su equivalente en metros cuadrados de construcción.
C123: Área Construida m² | F123: Porcentaje | G123: Área Vendible m²
C124: Mz 1 | D124: Mz 2 | E124: Total | G124: Mz 1 | H124: Mz 2 | I124: Total
B125: Areás totales por usos | C125: =SUM(C126:C131) -> 51279.502 | D125: =SUM(D126:D131) -> 63281.601 | E125: =SUM(E126:E131) -> 114561.1 | F125: 1 | G125: =SUM(G126:G131) -> 39678.112 | H125: =SUM(H126:H131) -> 48846.522 | I125: =SUM(I126:I131) -> 88524.634
B126: Comercio | C126: =C80 -> 3184.9825 | D126: =D80 -> 2914.911 | E126: =C126+D126 -> 6099.8935 | F126: =E126/E125 -> 0.053245765 | G126: =G80 -> 2319.0415 | H126: =H80 -> 2100.733 | I126: =G126+H126 -> 4419.7745 | J126: Art. 243 - Tipo 1 (450 mts)
B127: Servicios logisticos | C127: =C81+C87+C93 -> 8340.6882 | D127: =D81+D87+D93 -> 8129.8993 | E127: =C127+D127 -> 16470.588 | F127: =E127/E125 -> 0.1437712 | G127: =G87+G93 -> 7531.7991 | H127: =H87+H93 -> 6227.6432 | I127: =G127+H127 -> 13759.442 | J127: Art. 243 - Tipo 1 (100 mts)
B128: Oficinas | D128: =D82+D88+D94+D99 -> 6906.5358 | E128: =C128+D128 -> 6906.5358 | F128: =E128/E125 -> 0.060286918 | H128: =H99 -> 5251.2552 | I128: =G128+H128 -> 5251.2552 | J128: Art. 243 - Tipo 1 (30 mts)
B129: Vivienda Estudiantil | C129: =C84+C90+C96+C100 -> 5416.1194 | E129: =C129+D129 -> 5416.1194 | F129: =E129/E125 -> 0.047277123 | G129: =G100 -> 3590.9874 | I129: =G129+H129 -> 3590.9874 | J129: Art 243.Usos del suelo permitidos por área de actividad- vivienda colectiva
B130: Vivienda Interes Social - VIS | C130: =C83+C89+C95+C101 -> 14153.665 | D130: =D83+D89+D95+D101 -> 9801.2255 | E130: =C130+D130 -> 23954.89 | F130: =E130/E125 -> 0.20910143 | G130: =G101 -> 11572.416 | H130: =H101 -> 7553.8365 | I130: =G130+H130 -> 19126.253 | J130: Art. 322 ( Minimo 6%)
B131: Vivienda ingresos medios | C131: =C85+C91+C97+C102 -> 20184.047 | D131: =D85+D91+D97+D102 -> 35529.03 | E131: =C131+D131 -> 55713.077 | F131: =E131/E125 -> 0.48631757 | G131: =G102 -> 14663.868 | H131: =H102 -> 27713.054 | I131: =G131+H131 -> 42376.922 | J131: Art. 322- Residencial Multifamiliar
B133: Indice de Construcción | C133: =E125/E35 -> 4.7778702 | D133: Art. 266 numeral 2 resultante de dividir el área construida sobre el área neta urbanizable
B134: Indice de Ocupación | C134: =E79/E42 -> 0.6952927 | D134: Resultante de aplicación de normas urbanísticas del anexo 5
C137: Usos | D137: Área Ocupada | E137: No. Pisos | F137: m² Unidades
B138: Mz1 - Mz2 Plataforma | C138: Comercio | D138: NA | E138: 1 | F138: 450 | G138: Art. 243 - Tipo 1 (450 mts)
B139: Mz1 - Mz2 Plataforma | C139: Servicios logisticos | D139: NA | E139: 2 | F139: 100 | G139: Art. 243 - Tipo 1 (100 mts)
B140: Mz1 - Torre 1 | C140: No VIS | D140: 798.8705 | E140: 25 | F140: 80
B141: Mz1 - Torre 2 | C141: VIS | D141: 878.7115 | E141: 16 | F141: 42 | G141: Circular 007 de 2022 numeral 3.2
B142: Mz1 - Torre 3 | C142: Vivienda Estudiantil | D142: 532.1708 | E142: 10 | F142: 30
B143: Mz2 - Torre 4 | C143: No VIS | D143: 1407.7242 | E143: 25 | F143: 80
B144: Mz2 - Torre 5 | C144: Oficinas | D144: 673.6711 | E144: 10 | F144: 30 | G144: Art. 243 - Tipo 1 (30 mts)
B145: Mz2 - Torre 6 | C145: VIS | D145: 603.8194 | E145: 16 | F145: 45
B147: EQUIPAMIENTO COMUNAL PRIVADO
C148: % m2 exigidos sobre total construido | D148: m² Total exjido | E148: Zonas verdes | F148: Construido | G148: % m2 propuesto sobre total construido | H148: m² Total propuesto | I148: Terrazas (APAUP) | J148: Construido
E149: 0.4 | F149: 0.2
B150: Mz1 - Torre 1 / No VIS | C150: =D150/C131 -> 0.125 | D150: =(C131/80)*10 -> 2523.0059 | E150: =D150*E149 -> 1009.2024 | F150: =D150*F149 -> 504.60119 | G150: =H150/C131 -> 0.12372017 | H150: =I150+J150 -> 2497.1738 | I150: =819.5918+D141 -> 1698.3033 | J150: =D140 -> 798.8705 | K150: 6.2 Anexo 5 | L150: 10 mts2 por cada 80 mts2 de área neta de construcción en el uso.
B151: Mz1 - Torre 2 / VIS | C151: =D151/C130 -> 0.1654721 | D151: =J101*8.5 -> 2342.0366 | E151: =D151*E149 -> 936.81463 | F151: =D151*F149 -> 468.40731 | G151: =H151/C130 -> 0.17548956 | H151: =I151+J151 -> 2483.8204 | I151: =79.6562+1011.2819+D142 -> 1623.1089 | J151: =D141-18 -> 860.7115 | K151: 6.2 Anexo 5 | L151: Hasta 150 viviendas: 6 mts2 por cada unidad de vivienda. - Más de 150 viviendas: 8.5 mts2 por cada unidad de vivienda aplicable al número de viviendas que exceda 150 viviendas.
B152: Mz1 - Torre 3 / Vivienda Estudiantil | C152: =D152/C129 -> 0.125 | D152: =(C129/80)*10 -> 677.01492 | E152: =D152*E149 -> 270.80597 | F152: =D152*F149 -> 135.40299 | G152: =H152/C129 -> 0.16918915 | H152: =I152+J152 -> 916.34865 | I152: =804.3557/2 -> 402.17785 | J152: =D142-18 -> 514.1708 | K152: 6.2 Anexo 5 | L152: 10 mts2 por cada 80 mts2 de área neta de construcción en el uso.
B153: Mz2 - Torre 4 / No VIS | C153: =D153/D131 -> 0.125 | D153: =(D131/80)*10 -> 4441.1287 | E153: =D153*E149 -> 1776.4515 | F153: =D153*F149 -> 888.22574 | G153: =H153/D131 -> 0.12840033 | H153: =I153+J153 -> 4561.9393 | I153: =982.951+D144+421.744+(804.3557/2) -> 2480.544 | J153: =D143+D144 -> 2081.3953 | K153: 6.2 Anexo 5 | L153: 10 mts2 por cada 80 mts2 de área neta de construcción en el uso
B154: Mz2 - Torre 5 / Oficinas | C154: =D154/D128 -> 0.08128425 | D154: =(D99/120)*10 -> 561.39258 | E154: =D154*E149 -> 224.55703 | F154: =D154*F149 -> 112.27852 | G154: =H154/D128 -> 0.092328646 | H154: =I154+J154 -> 637.6711 | I154: 0 | J154: =D144-36 -> 637.6711 | K154: 6.2 Anexo 5 | L154: 10 mts2 por cada 120 mts2 de área neta de construcción en el uso.
B155: Mz2 - Torre 6 / VIS | C155: =D155/D130 -> 0.14557728 | D155: =K101*8.5 -> 1426.8358 | E155: =D155*E149 -> 570.73431 | F155: =E155*F149 -> 114.14686 | G155: =H155/D130 -> 0.14619274 | H155: =I155+J155 -> 1432.868 | I155: =664.6065+200.4421 -> 865.0486 | J155: =D145-36 -> 567.8194 | K155: 6.2 Anexo 5 | L155: Más de 150 viviendas: 8.5 mts2 por cada unidad de vivienda aplicable al número de viviendas que exceda 150 viviendas

Sheet Reparto Cargas
B1: *Realizado con base en el formato ejercicio cargas del espacio academico cátedra taller de instrumentos de planificación realizado por la profesora Natalia Valencia Davila, 2022 (I a VII)
B2: **Realizado con base en el formato facilitado por el tutor Juan Carlos Borquez, 2022 (VIII a IX)
B4: REPARTO DE CARGAS
B6: I. CONFIGURACIÓN PREDIAL ACTUAL
B8: Manzana | C8: No. | D8: Área terreno m² | E8: % de participación en el área total | F8: Valor inicial total (Vi) | G8: % de participación en el valor inicial total | H8: Valor inicial m² | I8: Estado politica de moradores
B9: Manzana 1 | C9: 1 | D9: ='Configuración predial actual'!F6 -> 400.9735 | E9: =D9/D32 -> 0.016966508 | F9: ='Configuración predial actual'!L6 -> 1360562400 | G9: =F9/F32 -> 0.017364266 | H9: =F9/D9 -> 3393147.9 | I9: Remplazo en Serv. Logisticos
C10: 2 | D10: ='Configuración predial actual'!F7 -> 947.8931 | E10: =D10/D32 -> 0.040108476 | F10: ='Configuración predial actual'!L7 -> 2880542400 | G10: =F10/F32 -> 0.03676311 | H10: =F10/D10 -> 3038889.5 | I10: Remplazo en Serv. Logisticos
C11: 3 | D11: ='Configuración predial actual'!F8 -> 1635.3623 | E11: =D11/D32 -> 0.069197559 | F11: ='Configuración predial actual'!L8 -> 6326803200 | G11: =F11/F32 -> 0.080746238 | H11: =F11/D11 -> 3868747.1 | I11: Remplazo en comercio
C12: 4 | D12: ='Configuración predial actual'!F9 -> 38.4849 | E12: =D12/D32 -> 0.0016284227 | F12: ='Configuración predial actual'!L9 -> 116403600 | G12: =F12/F32 -> 0.0014856085 | H12: =F12/D12 -> 3024656.4 | I12: Industriales activos
C13: 5 | D13: ='Configuración predial actual'!F10 -> 1072.6186 | E13: =D13/D32 -> 0.045386022 | F13: ='Configuración predial actual'!L10 -> 3504182400 | G13: =F13/F32 -> 0.044722356 | H13: =F13/D13 -> 3266941.7 | I13: Industriales inactivos
C14: 6 | D14: ='Configuración predial actual'!F11 -> 429.1085 | E14: =D14/D32 -> 0.018156992 | F14: ='Configuración predial actual'!L11 -> 1263366000 | G14: =F14/F32 -> 0.016123791 | H14: =F14/D14 -> 2944164.5 | I14: Remplazo en Serv. Logisticos
C15: 7 | D15: ='Configuración predial actual'!F12 -> 1218.5317 | E15: =D15/D32 -> 0.051560085 | F15: ='Configuración predial actual'!L12 -> 4320502800 | G15: =F15/F32 -> 0.055140698 | H15: =F15/D15 -> 3545663 | I15: Industriales inactivos
C16: 8 | D16: ='Configuración predial actual'!F13 -> 3739.3198 | E16: =D16/D32 -> 0.15822292 | F16: ='Configuración predial actual'!L13 -> 13126388400 | G16: =F16/F32 -> 0.16752639 | H16: =F16/D16 -> 3510368 | I16: Remplazo en comercio
C17: 9 | D17: ='Configuración predial actual'!F14 -> 599.1058 | E17: =D17/D32 -> 0.025350137 | F17: ='Configuración predial actual'!L14 -> 2799586800 | G17: =F17/F32 -> 0.035729909 | H17: =F17/D17 -> 4672942.2 | I17: Remplazo en Serv. Logisticos
C18: 10 | D18: ='Configuración predial actual'!F15 -> 690.9195 | E18: =D18/D32 -> 0.029235077 | F18: ='Configuración predial actual'!L15 -> 2449570800 | G18: =F18/F32 -> 0.031262807 | H18: =F18/D18 -> 3545378 | I18: Remplazo en Serv. Logisticos
C19: 11 | D19: ='Configuración predial actual'!F16 -> 685.6766 | E19: =D19/D32 -> 0.029013233 | F19: ='Configuración predial actual'!L16 -> 2788464000 | G19: =F19/F32 -> 0.035587953 | H19: =F19/D19 -> 4066733.5 | I19: Remplazo en Serv. Logisticos
B20: TOTAL Manzana 1 | D20: ='Configuración predial actual'!F17 -> 11457.994 | E20: =D20/D32 -> 0.48482543 | F20: =SUM(F9:F19) -> 40936372800 | G20: =F20/F32 -> 0.52245312
B21: Manzana 2 | C21: 1 | D21: ='Configuración predial actual'!F18 -> 932.6914 | E21: =D21/D32 -> 0.039465242 | F21: ='Configuración predial actual'!L18 -> 3559245600 | G21: =F21/F32 -> 0.045425104 | H21: =F21/D21 -> 3816102.1 | I21: Remplazo en comercio
C22: 2 | D22: ='Configuración predial actual'!F19 -> 673.1046 | E22: =D22/D32 -> 0.02848127 | F22: ='Configuración predial actual'!L19 -> 2189239200 | G22: =F22/F32 -> 0.027940308 | H22: =F22/D22 -> 3252450.2 | I22: Industriales inactivos
C23: 3 | D23: ='Configuración predial actual'!F20 -> 408.163 | E23: =D23/D32 -> 0.017270719 | F23: ='Configuración predial actual'!L20 -> 1357304400 | G23: =F23/F32 -> 0.017322686 | H23: =F23/D23 -> 3325397.9 | I23: Industriales activos
C24: 4 | D24: ='Configuración predial actual'!F21 -> 977.7536 | E24: =D24/D32 -> 0.041371972 | F24: ='Configuración predial actual'!L21 -> 2915230800 | G24: =F24/F32 -> 0.037205823 | H24: =F24/D24 -> 2981559.8 | I24: Industriales inactivos
C25: 5 | D25: ='Configuración predial actual'!F22 -> 5630.3641 | E25: =D25/D32 -> 0.23823923 | F25: ='Configuración predial actual'!L22 -> 16166368800 | G25: =F25/F32 -> 0.20632433 | H25: =F25/D25 -> 2871283 | I25: Industriales activos
C26: 6 | D26: ='Configuración predial actual'!F23 -> 988.0891 | E26: =D26/D32 -> 0.041809301 | F26: ='Configuración predial actual'!L23 -> 3329748000 | G26: =F26/F32 -> 0.042496126 | H26: =F26/D26 -> 3369886.4 | I26: Remplazo en comercio
C27: 7 | D27: ='Configuración predial actual'!F24 -> 782.559 | E27: =D27/D32 -> 0.033112646 | F27: ='Configuración predial actual'!L24 -> 2407172400 | G27: =F27/F32 -> 0.030721694 | H27: =F27/D27 -> 3076026.7 | I27: Industriales inactivos
C28: 8 | D28: ='Configuración predial actual'!F25 -> 280.8958 | E28: =D28/D32 -> 0.011885625 | F28: ='Configuración predial actual'!L25 -> 668812800 | G28: =F28/F32 -> 0.0085357669 | H28: =F28/D28 -> 2380999.6 | I28: Remplazo en comercio
C29: 9 | D29: ='Configuración predial actual'!F26 -> 888.0795 | E29: =D29/D32 -> 0.037577565 | F29: ='Configuración predial actual'!L26 -> 2646436800 | G29: =F29/F32 -> 0.033775322 | H29: =F29/D29 -> 2979954.8 | I29: Remplazo en comercio
C30: 10 | D30: ='Configuración predial actual'!F27 -> 613.5424 | E30: =D30/D32 -> 0.025960997 | F30: ='Configuración predial actual'!L27 -> 2178223200 | G30: =F30/F32 -> 0.027799715 | H30: =F30/D30 -> 3550240.7 | I30: Remplazo en comercio
B31: TOTAL Manzana 2 | D31: ='Configuración predial actual'!F28 -> 12175.242 | E31: =D31/D32 -> 0.51517457 | F31: =SUM(F21:F30) -> 37417782000 | G31: =F31/F32 -> 0.47754688 | J31: Valor inicial calculado a partir del valor catastral aumentando el 20% para llegar al valor comercial
B32: TOTAL | D32: ='Configuración predial actual'!F29 -> 23633.237 | E32: 1 | F32: =F20+F31 -> 78354154800 | G32: 1 | H32: =AVERAGE(H9:H19,H21:H30) -> 3356263.5 | J32: =F32/H125 -> 0.1517156
B34: Pago suelo condiciones politica de moradores
G35: MZ 1 | H35: MZ 2 | I35: Total
B36: Pago inmueble de reemplazo | D36: Industria activa (pago por traslado) | G36: ='Politica Moradores'!P38 -> 116403600 | H36: ='Politica Moradores'!P39+'Politica Moradores'!P40 -> 17523673200 | I36: ='Politica Moradores'!P41 -> 17640076800 | J36: Valor a pagar en efectivo por el suelo
D37: Comercio (reemplazo en proyecto) | G37: =E103*E119 -> 21498728400 | H37: =F103*E119 -> 14813192800 | I37: =H103 -> 36311921200 | J37: Valor a entregar en suelo en el proyecto, dinero que no se contempla en el total de ventas
D38: Logísticos e industria inactiva (reemplazo en proyecto) | G38: =E104*E120 -> 2.7201723e+10 | H38: =F104*E120 -> 10950377400 | I38: =H104 -> 38152100250 | J38: Valor a entregar en suelo en el proyecto, dinero que no se contempla en el total de ventas
B39: Valor total a pagar | G39: =SUM(G36:G38) -> 48816854850 | H39: =SUM(H36:H38) -> 43287243400 | I39: =SUM(I36:I38) -> 92104098250 | J39: =I39/H125 -> 0.17833935
B41: II. RESUMEN CUADRO DE ÁREAS
F43: m² | G43: %
B44: ='Cuadro Áreas'!B32 -> Área Bruta de la urbanización | F44: ='Cuadro Áreas'!E32 -> 31802.98 | G44: ='Cuadro Áreas'!F31 -> 1
B45: ='Cuadro Áreas'!B33 -> Afectaciones | F45: ='Cuadro Áreas'!E33 -> 0 | G45: ='Cuadro Áreas'!F33 -> 0
B46: ='Cuadro Áreas'!B34 -> Área de manejo diferenciado | F46: ='Cuadro Áreas'!E34 -> 7825.5387 | G46: ='Cuadro Áreas'!F34 -> 0.24606306 | H46: Art. 498. No. 5 - Áreas de manejo diferenciado
B47: Área Neta Urbanizable - ANU | F47: ='Cuadro Áreas'!E35 -> 23977.442 | G47: ='Cuadro Áreas'!F35 -> 0.75393694
B48: ='Cuadro Áreas'!B61 -> Cesión espacio público efectivo - adicional - reubicar | F48: ='Cuadro Áreas'!E61 -> 11643.74 | G48: ='Cuadro Áreas'!F61 -> 0.48561228
B49: ='Cuadro Áreas'!B38 -> Equipamiento - BIC (área ocupada) | F49: ='Cuadro Áreas'!E38 -> 1218.5317 | G49: ='Cuadro Áreas'!F38 -> 0.050819922
B50: ='Cuadro Áreas'!B39 -> Equipamiento Servicios del cuidado (área ocupada) | F50: ='Cuadro Áreas'!E39 -> 1235.8646 | G50: ='Cuadro Áreas'!F39 -> 0.051542805
B51: Total cargas área ocupada | F51: ='Cuadro Áreas'!E41 -> 14098.136 | G51: ='Cuadro Áreas'!F41 -> 0.58797501
B52: Área Útil | F52: ='Cuadro Áreas'!E42 -> 9879.3051 | G52: ='Cuadro Áreas'!F42 -> 0.41202499
B54: Unidad única de Actuación Urbanística | D54: % AU | E54: Área Útil (AU) | F54: Área Neta Urbanizable (ANU) | G54: m² construcción | H54: I.C (ANU) | I54: I.O (ANU) | J54: Área ocupada | K54: Pisos (prom)
B55: MZ 1 | D55: =E55/E57 -> 0.49845071 | E55: ='Cuadro Áreas'!C42 -> 4924.3466 | F55: ='Cuadro Áreas'!C35 -> 11802.199 | G55: =E78 -> 51279.502 | H55: =+G55/F55 -> 4.3449109 | I55: =+J55/E55 -> 0.71098783 | J55: ='Cuadro Áreas'!C79 -> 3501.1505 | K55: =+G55/J55 -> 14.646472
B56: MZ 2 | D56: =E56/E57 -> 0.50154929 | E56: ='Cuadro Áreas'!D42 -> 4954.9585 | F56: ='Cuadro Áreas'!D35 -> 12175.243 | G56: =F78 -> 63281.601 | H56: =+G56/F56 -> 5.1975639 | I56: =+J56/E56 -> 0.67969453 | J56: ='Cuadro Áreas'!D79 -> 3367.8582 | K56: =+G56/J56 -> 18.789865
B57: Total | D57: 1 | E57: =SUM(E55:E56) -> 9879.3051 | F57: =SUM(F55:F56) -> 23977.442 | G57: =SUM(G55:G56) -> 114561.1 | H57: =+G57/F57 -> 4.7778702 | I57: =+J57/E57 -> 0.6952927 | J57: =SUM(J55:J56) -> 6869.0087 | K57: =+G57/J57 -> 16.677967
B59: III. USOS Y EDIFICABILIDAD (m² construcción) POR UAU
E61: % Construccion
B62: % de usos | E62: MZ 1 | F62: MZ 2 | G62: Total
B63: ='Cuadro Áreas'!B126 -> Comercio | E63: =E72/G72 -> 0.5221374 | F63: =F72/G72 -> 0.4778626 | G63: =SUM(E63:F63) -> 1
B64: ='Cuadro Áreas'!B127 -> Servicios logisticos | E64: =+E73/G73 -> 0.50639895 | F64: =F73/G73 -> 0.49360105 | G64: =SUM(E64:F64) -> 1
B65: ='Cuadro Áreas'!B128 -> Oficinas | E65: =+E74/G74 -> 0 | F65: =F74/G74 -> 1 | G65: =SUM(E65:F65) -> 1
B66: ='Cuadro Áreas'!B129 -> Vivienda Estudiantil | E66: =+E75/G75 -> 1 | F66: =F75/G75 -> 0 | G66: =SUM(E66:F66) -> 1
B67: ='Cuadro Áreas'!B130 -> Vivienda Interes Social - VIS | E67: =+E76/G76 -> 0.59084657 | F67: =F76/G76 -> 0.40915343 | G67: =SUM(E67:F67) -> 1
B68: ='Cuadro Áreas'!B131 -> Vivienda ingresos medios | E68: =+E77/G77 -> 0.36228563 | F68: =F77/G77 -> 0.63771437 | G68: =SUM(E68:F68) -> 1
E70: m² Construccion
B71: m² de usos | E71: MZ 1 | F71: MZ 2 | G71: Total
B72: =B63 -> Comercio | E72: ='Cuadro Áreas'!C126 -> 3184.9825 | F72: ='Cuadro Áreas'!D126 -> 2914.911 | G72: =SUM(E72:F72) -> 6099.8935
B73: =B64 -> Servicios logisticos | E73: ='Cuadro Áreas'!C127 -> 8340.6882 | F73: ='Cuadro Áreas'!D127 -> 8129.8993 | G73: =SUM(E73:F73) -> 16470.588
B74: =B65 -> Oficinas | E74: ='Cuadro Áreas'!C128 -> 0 | F74: ='Cuadro Áreas'!D128 -> 6906.5358 | G74: =SUM(E74:F74) -> 6906.5358
B75: =B66 -> Vivienda Estudiantil | E75: ='Cuadro Áreas'!C129 -> 5416.1194 | F75: ='Cuadro Áreas'!D129 -> 0 | G75: =SUM(E75:F75) -> 5416.1194
B76: =B67 -> Vivienda Interes Social - VIS | E76: ='Cuadro Áreas'!C130 -> 14153.665 | F76: ='Cuadro Áreas'!D130 -> 9801.2255 | G76: =SUM(E76:F76) -> 23954.89
B77: =B68 -> Vivienda ingresos medios | E77: ='Cuadro Áreas'!C131 -> 20184.047 | F77: ='Cuadro Áreas'!D131 -> 35529.03 | G77: =SUM(E77:F77) -> 55713.077
B78: Total | E78: =SUM(E72:E77) -> 51279.502 | F78: =SUM(F72:F77) -> 63281.601 | G78: =SUM(G72:G77) -> 114561.1
B80: IV. COSTOS CARGAS URBANÍSTICAS
B82: Cargas | F82: Valor m² | G82: m² Cargas | H82: MZ 1 | I82: MZ 2 | J82: Total | K82: Fuentes costos m²
B83: ='Cuadro Áreas'!B59 -> Equipamiento - BIC (área construida) | F83: 2000000 | G83: ='Cuadro Áreas'!E59 -> 2437.0634 | H83: =F83*G83 -> 4874126800 | I83: 0 | J83: =H83+I83 -> 4874126800 | K83: IDPC, Subdirección de Intervención y Protección del Patrimonio
B84: ='Cuadro Áreas'!B60 -> Equipamiento Servicios del cuidado (área construida) | F84: 1800000 | G84: ='Cuadro Áreas'!E60 -> 2775.1618 | H84: 0 | I84: =F84*G84 -> 4995291240 | J84: =H84+I84 -> 4995291240 | K84: Construdata N° 201/2022
B85: ='Cuadro Áreas'!B61 -> Cesión espacio público efectivo - adicional - reubicar | F85: 300000 | G85: ='Cuadro Áreas'!E61 -> 11643.74 | H85: =F85*'Cuadro Áreas'!C61 -> 1.7567702e+09 | I85: =F85*'Cuadro Áreas'!D61 -> 1736351835 | J85: =H85+I85 -> 3493122030 | K85: Referente ejercicio cargas 2022*
B86: Mejoramiento y adecuación vias | F86: 650000 | G86: ='Cuadro Áreas'!E34 -> 7825.5387 | H86: =(G86*E20)*F86 -> 2.4661131e+09 | I86: =(G86*E31)*F86 -> 2.620487e+09 | J86: =H86+I86 -> 5086600155 | K86: Referente ejercicio cargas 2022*
B87: Redes locales infraestructura del sis. acueducto y alcantarillado | F87: 1500000 | G87: ='Cuadro Áreas'!E8 -> 31802.98 | H87: =(G87*E20)*F87 -> 2.3128341e+10 | I87: =(G87*E31)*F87 -> 2.457613e+10 | J87: =H87+I87 -> 47704470300 | K87: Valor de referencia de Mapas Bogotá - Fórmula aplicada del artículo 320 POT555
B88: Politica Moradores | C88: Compensación Arrendatarios | H88: 72000000 | I88: 24000000 | J88: =I88+H88 -> 96000000 | K88: $4.000.0000 lucro cesante por 6 meses para los 4 inmubles arrendados
C89: Lucro cesante propietarios | H89: 480000000 | I89: 336000000 | J89: =H89+I89 -> 816000000 | K89: $4.000.0000 lucro cesante por 12 meses para inmubles activos
C90: Inmuebles reemplazo industria activa | D90: Compensación por construcción | H90: ='Politica Moradores'!Q38 -> 20787374 | I90: ='Politica Moradores'!Q39+'Politica Moradores'!Q40 -> 4.2782548e+09 | J90: =H90+I90 -> 4.2990422e+09
D91: Desmonte industrial | H91: ='Politica Moradores'!R38 -> 11640360 | I91: ='Politica Moradores'!R39+'Politica Moradores'!R40 -> 1752367320 | J91: =H91+I91 -> 1764007680
D92: Nuevos terrenos | H92: ='Politica Moradores'!S38 -> 11640360 | I92: ='Politica Moradores'!S39+'Politica Moradores'!S40 -> 1752367320 | J92: =H92+I92 -> 1764007680
B93: Estudios ambientales | G93: ='Configuración predial actual'!F29 -> 23633.237 | H93: =J93*E20 -> 9696508.7 | I93: =J93*E31 -> 10303491 | J93: ='Pasivos Ambientales'!J4 -> 20000000
B94: Pasivos ambientales | F94: 17000 | G94: ='Pasivos Ambientales'!F7 -> 6077.012 | H94: =F94*'Pasivos Ambientales'!F4 -> 654243.3 | I94: =F94*('Pasivos Ambientales'!F5+'Pasivos Ambientales'!F6) -> 1.0265496e+08 | J94: =H94+I94 -> 1.033092e+08 | K94: Plan Parcial Bavaria
B95: Compensación carga VIP | F95: ='Configuración predial actual'!M29 -> 3356263.5 | G95: ='Cuadro Áreas'!D108 -> 434.33746 | H95: =0.18*('Cuadro Áreas'!C108*'Cuadro Áreas'!C125)*F95 -> 9.2938061e+08 | I95: =0.18*('Cuadro Áreas'!C108*'Cuadro Áreas'!D125)*F95 -> 1.1469045e+09 | J95: =H95+I95 -> 2.0762851e+09 | K95: Valor promedio m² sobre el valor comercial de cada predio - Fórmula aplicada Artículo 323 POT 555
B96: Total | G96: =SUM(G83:G95) -> 86629.07 | H96: =SUM(H83:H95) -> 3.376115e+10 | I96: =SUM(I83:I95) -> 4.3331112e+10 | J96: =SUM(J83:J95) -> 7.7092262e+10
B97: % participación | H97: =H96/J96 -> 0.43793176 | I97: =I96/J96 -> 0.56206824 | J97: =J96/$J$96 -> 1
B99: V. INGRESOS POR VENTAS DE PRODUCTOS INMOBILIARIOS
E101: m² Área de reemplazo
B102: % de usos | E102: MZ 1 | F102: MZ 2 | G102: Total | H102: Valor por m²
B103: =B63 -> Comercio | E103: ='Politica Moradores'!V47 -> 1791.5607 | F103: ='Politica Moradores'!W47 -> 1234.4327 | G103: =E103+F103 -> 3025.9934 | H103: =G103*E119 -> 36311921200
B104: =B64 -> Servicios logisticos | E104: ='Politica Moradores'!V48 -> 3022.4137 | F104: ='Politica Moradores'!W48 -> 1216.7086 | G104: =E104+F104 -> 4239.1223 | H104: =G104*E120 -> 38152100250
B105: Total | E105: =SUM(E99:E104) -> 4813.9744 | F105: =SUM(F99:F104) -> 2451.1413 | G105: =SUM(G99:G104) -> 7265.1157 | H105: =H103+H104 -> 74464021450
E107: m² Área Vendible
B108: m² de usos | E108: MZ 1 | F108: MZ 2 | G108: Total
B109: =B63 -> Comercio | E109: ='Cuadro Áreas'!G126-E103 -> 527.4808 | F109: ='Cuadro Áreas'!H126-F103 -> 866.30027 | G109: =SUM(E109:F109) -> 1393.7811 | H109: Se restaron los m² de reemplazo
B110: =B64 -> Servicios logisticos | E110: ='Cuadro Áreas'!G127-E104 -> 4509.3854 | F110: ='Cuadro Áreas'!H127-F104 -> 5010.9346 | G110: =SUM(E110:F110) -> 9520.3201 | H110: Se restaron los m² de reemplazo
B111: =B65 -> Oficinas | E111: ='Cuadro Áreas'!G128 -> 0 | F111: ='Cuadro Áreas'!H128 -> 5251.2552 | G111: =SUM(E111:F111) -> 5251.2552
B112: =B66 -> Vivienda Estudiantil | E112: ='Cuadro Áreas'!G129 -> 3590.9874 | F112: ='Cuadro Áreas'!H129 -> 0 | G112: =SUM(E112:F112) -> 3590.9874
B113: =B67 -> Vivienda Interes Social - VIS | E113: ='Cuadro Áreas'!G130 -> 11572.416 | F113: ='Cuadro Áreas'!H130 -> 7553.8365 | G113: =SUM(E113:F113) -> 19126.253
B114: =B68 -> Vivienda ingresos medios | E114: ='Cuadro Áreas'!G131 -> 14663.868 | F114: ='Cuadro Áreas'!H131 -> 27713.054 | G114: =SUM(E114:F114) -> 42376.922
B115: Total | E115: =SUM(E109:E114) -> 34864.138 | F115: =SUM(F109:F114) -> 46395.381 | G115: =SUM(G109:G114) -> 81259.519
...
